 Dungeon Crawl Stone Soup version 0.20.1-1-g8b1a95d (webtiles) character file.

5925 VirginKiller the Grappler (level 10, -2/109 HPs)
             Began as a Demigod Gladiator on Oct 10, 2017.
             Slain by a centaur skeleton (4 damage)
             ... on level 9 of the Dungeon.
             The game lasted 01:00:06 (6171 turns).

VirginKiller the Grappler (Demigod Gladiator)       Turns: 6171, Time: 01:00:06

Health: -2/109     AC: 10    Str: 30    XL:     10   Next: 29%
Magic:  13/13      EV: 10    Int: 12    God:
Gold:   435        SH:  0    Dex: 17    Spells: 6/9 levels left

rFire    . . .     SeeInvis .     - Unarmed
rCold    . . .     Gourm    +   (no shield)
rNeg     . . .     Faith    .   r - +1 chain mail {MR+}
rPois    .         Spirit   .   b - +0 helmet
rElec    .         Reflect  .   (no cloak)
rCorr    .         Harm     .   (no gloves)
MR       ++...                  (no boots)
Stlth    ..........             G - amulet of the gourmand
Regen    0.3/turn               q - +2 ring of strength
MPRegen  0.2/turn               (no ring)

@: berserking (expiring), lethally poisoned (-2 -> -4), very quick
A: high mp 1
a: no special abilities


You were on level 9 of the Dungeon.
You were not hungry.

You visited 1 branch of the dungeon, and saw 10 of its levels.
You also visited: Sewer.

You collected 435 gold pieces.

Inventory:

Missiles
 c - a throwing net
 h - 26 poisoned needles
 z - a tomahawk (quivered)
 F - 3 curare-tipped needles
Armour
 b - a +0 helmet (worn)
 r - a +1 chain mail of magic resistance (worn)
Jewellery
 q - a +2 ring of strength (left hand)
 t - an uncursed ring of ice
 G - an amulet of the gourmand (around neck)
Wands
 a - a wand of digging (7/24)
 y - a wand of confusion (0/48)
 A - a wand of acid (0/15)
Scrolls
 e - 5 scrolls of remove curse
 k - 2 scrolls of magic mapping
 n - 5 scrolls of teleportation
 o - 3 scrolls of blinking
 s - 3 scrolls of fear
 u - a scroll of noise {unknown}
 v - 2 scrolls of enchant weapon {unknown}
 w - 2 scrolls of enchant armour {unknown}
 C - a scroll of random uselessness {unknown}
 D - 3 scrolls of amnesia {unknown}
 E - a scroll of torment {unknown}
Potions
 f - a potion of brilliance
 g - 6 potions of flight
 i - a potion of lignification {unknown}
 j - 2 potions of might {unknown}
 m - 3 potions of heal wounds
 p - a potion of berserk rage
 x - a potion of invisibility
Comestibles
 d - 3 bread rations
 l - 8 chunks of flesh
 B - 3 fruits
 H - 9 royal jellies
 I - a meat ration


   Skills:
 - Level 1.7 Fighting
 - Level 1.7 Throwing
 - Level 2.6 Dodging
 * Level 14.2 Unarmed Combat


You had 6 spell levels left.
You knew the following spells:

 Your Spells              Type           Power        Failure   Level  Hunger
a - Regeneration          Chrm/Necr      #.........   99%         3    ####...


Dungeon Overview and Level Annotations

Branches:
Dungeon (10/15)            Temple (0/1) D:7
   Lair: D:8-11         Orc: D:9-12

Annotations:
D:9 KTyJLXy's ghost, novice DrCj


Innate Abilities, Weirdness & Mutations

You have an increased reservoir of magic. (+10% MP)


Message History

You punch the killer bee!
You kill the killer bee!
The orc warrior hits you with a hand axe.
* * * LOW HITPOINT WARNING * * *
The killer bee closely misses you.
You punch the killer bee!
The killer bee is severely wounded.
The killer bee stings you but does no damage.
You punch the killer bee!
You kill the killer bee!
You feel sick.
The centaur skeleton hits you but does no damage.
The orc warrior hits you with a hand axe.
* * * LOW HITPOINT WARNING * * *
You punch the orc warrior!
The orc warrior is moderately wounded.
You pummel the orc warrior!!
You kill the orc warrior!
The centaur skeleton hits you.
You die...

##.# ##..##.#.#.#..##.## #####'##
#...#.##.##.......### .......#
#.....####.....##...##
.......#####..............# #))#
.......'..)).#....#############'#
.......####.##....### #......
.......# #..+....'.#######......
.......# ####.)†Z#.......'......
.......# #..@.#########...^..
.......# #....# #...... .......#
#.:..# #...... .....<.# #....#
#...... .>.....# #....# #......
.......# ###### #...... ########
#...... #######


You could see a centaur skeleton.

Vanquished Creatures
  Psyche (D:8)
  A queen bee (D:9)
  Prince Ribbit (D:6)
  2 hippogriffs
  A yak (D:8)
  Sigmund (D:4)
  3 sky beasts
  3 orc warriors
  2 black bears
  5 ogres
  2 phantoms
  Blork the orc (D:4)
  2 bullfrogs
  17 killer bees (D:9)
  3 scorpions
  12 wights
  A howler monkey (D:5)
  3 crimson imps
  A centaur zombie (D:6)
  A quasit (D:5)
  2 hounds
  2 jellies (D:6)
  A bullfrog skeleton (D:10)
  11 orc priests
  7 orc wizards
  Jessica (D:3)
  3 centaur skeletons
  Ijyb (D:4)
  4 iguanas
  7 worker ants
  2 hound zombies (D:5)
  A hound skeleton (D:6)
  13 adders
  5 oozes
  7 worms
  4 dart slugs
  2 leopard geckos
  37 orcs
  4 ball pythons
  11 giant cockroaches
  5 goblins
  11 hobgoblins
  15 jackals
  3 kobolds
  5 quokkas
  2 ball python skeletons
  6 bats
  10 frilled lizards
  A leopard gecko skeleton (D:6)
  A leopard gecko zombie (D:6)
  A quokka skeleton (D:5)
  10 rats
258 creatures vanquished.

Notes
Turn   | Place    | Note
-------+----------+-------------------------------------------
     0 | D:1      | VirginKiller the Demigod Gladiator began the quest for the Orb.
     0 | D:1      | Reached XP level 1. HP: 17/17 MP: 3/3
   141 | D:1      | Reached skill level 3 in Unarmed Combat
   166 | D:1      | Reached XP level 2. HP: 15/24 MP: 4/4
   641 | D:2      | Reached skill level 4 in Unarmed Combat
   641 | D:2      | Reached XP level 3. HP: 23/29 MP: 5/5
  1174 | D:3      | Found a glowing drain.
  1190 | D:3      | Reached XP level 4. HP: 36/36 MP: 6/6
  1205 | Sewer    | Entered a sewer
  1484 | Sewer    | Reached skill level 5 in Unarmed Combat
  1703 | D:3      | Noticed Jessica
  1716 | D:3      | Killed Jessica
  1716 | D:3      | Reached XP level 5. HP: 24/41 MP: 7/7
  1792 | D:3      | Reached skill level 6 in Unarmed Combat
  2057 | D:4      | Found a shadowy altar of Dithmenos.
  2057 | D:4      | Found a hide-covered altar of Uskayaw.
  2070 | D:4      | Noticed an ogre
  2078 | D:4      | Killed an ogre
  2078 | D:4      | Reached XP level 6. HP: 19/48 MP: 8/8
  2091 | D:4      | Noticed Ijyb
  2264 | D:4      | Noticed Sigmund
  2432 | D:4      | Reached skill level 7 in Unarmed Combat
  2628 | D:4      | Reached XP level 7. HP: 49/53 MP: 9/9
  2730 | D:4      | Reached skill level 8 in Unarmed Combat
  2798 | D:4      | Killed Ijyb
  2879 | D:4      | Noticed Blork the orc
  2893 | D:4      | Killed Blork the orc
  2944 | D:4      | Killed Sigmund
  2959 | D:5      | Entered Level 5 of the Dungeon
  3014 | D:5      | Reached skill level 9 in Unarmed Combat
  3243 | D:5      | Reached XP level 8. HP: 51/60 MP: 10/10
  3436 | D:5      | Reached skill level 10 in Unarmed Combat
  3717 | D:6      | Noticed Prince Ribbit
  3793 | D:6      | Found an iron altar of Okawaru.
  4006 | D:6      | Reached skill level 11 in Unarmed Combat
  4101 | D:6      | Killed Prince Ribbit
  4365 | D:7      | Found a staircase to the Ecumenical Temple.
  4381 | D:7      | Reached XP level 9. HP: 31/67 MP: 11/11
  4642 | D:7      | Found a snail-covered altar of Cheibriados.
  4715 | D:7      | Reached skill level 12 in Unarmed Combat
  4720 | D:8      | Noticed Psyche
  4738 | D:8      | Killed Psyche
  5177 | D:8      | Reached skill level 13 in Unarmed Combat
  5212 | D:8      | Found an iron altar of Okawaru.
  5476 | D:9      | Noticed KTyJLXy's ghost (novice DrCj)
  5584 | D:9      | Reached XP level 10. HP: 35/73 MP: 13/13
  5790 | D:9      | Identified Sif Muna's Tome of Ashen Combat Magic
  5859 | D:9      | Learned a level 3 spell: Regeneration
  5915 | D:9      | Reached skill level 14 in Unarmed Combat
  6064 | D:10     | Entered Level 10 of the Dungeon
  6169 | D:9      | HP: 1/109 [orc warrior/hand axe (6)]
  6171 | D:9      | Slain by a centaur skeleton

Skill      XL: |  1  2  3  4  5  6  7  8  9 10 |
---------------+-------------------------------+-----
Unarmed Combat | 3 4 5 6 7 9 11 13 14 | 14.2
Fighting       | |  1.7
Throwing       | |  1.7
Dodging        | |  2.6

Action                   |  1- 3 |  4- 6 |  7- 9 | 10-12 || total
-------------------------+-------+-------+-------+-------++-------
Melee: Unarmed           |   170 |   251 |   453 |   103 ||   977
       Punch             |     2 |     8 |    14 |       ||    24
Throw: Throwing net      |       |     1 |       |     1 ||     2
       Tomahawk          |       |       |    11 |     5 ||    16
Evoke: Wand              |       |       |    16 |     1 ||    17
  Use: Scroll            |     1 |     6 |     8 |     2 ||    17
       Potion            |       |     3 |     4 |     4 ||    11
 Stab: Held in net/web   |       |     4 |       |     1 ||     5
       Confused          |       |       |     3 |       ||     3
       Invisible         |       |       |     9 |    11 ||    20
  Eat: Chunk             |     1 |     1 |     3 |       ||     5
       Bread ration      |       |     1 |     1 |       ||     2
       Meat ration       |       |       |     1 |       ||     1
Armor: Leather armour    |    13 |       |       |       ||    13
       Ring mail         |    32 |       |       |       ||    32
       Chain mail        |     2 |   129 |   183 |    45 ||   359
Dodge: Dodged            |    81 |   121 |   160 |    50 ||   412
